Get step-by-step instructions on how to execute this build order below. Start the game timer, and the build order will tick by so you can play in parallel with StarCraft on a second screen or mobile device.

Game Time

  0:00

Last Step

  N/A

Next Step

  12  0:03  Probe  

Upcoming Step

  13  0:15  Pylon  

Don't want to look back and forth between 2 screens? Try out our Overwolf App, the Spawning Tool Build Advisor to get an in-game overlay with this build!

Complete Build Order

  12  0:03  Probe  
  13  0:15  Pylon  
  13  0:20  Probe  
  14  0:32  Probe  
  15  0:41  Assimilator  
  15  0:47  Probe  
  16  0:59  Probe  
  16  1:04  Gateway  
  17  1:11  Probe  
  18  1:23  Probe  
  18  1:25  Assimilator  
  19  1:37  Probe  
  20  1:49  Probe  
  20  1:53  Zealot  
  23  2:02  Pylon  
  23  2:20  Zealot  
  23  2:21  Probe  
  26  2:33  Probe  
  27  2:42  Nexus  
  27  2:45  Probe  
  27  2:47  Pylon  
  27  2:48  Zealot  
  30  2:59  Assimilator  
  30  3:04  Assimilator  
  30  3:05  Pylon  
  30  3:10  Probe  
  31  3:15  Zealot  
  33  3:22  Probe  
  35  3:34  Probe (Chrono Boost)  
  36  3:42  Zealot  
  36  3:45  Probe (Chrono Boost)  
  36  3:48  Probe  
  39  3:56  Probe  
  39  4:00  Probe  
  41  4:08  Probe  
  42  4:14  Gateway  
  42  4:16  Zealot  
  44  4:20  Probe x2  
  46  4:32  Probe x2  
  48  4:43  Zealot  
  48  4:45  Probe x2  
  52  4:57  Probe  
  53  5:10  Probe  
  54  5:24  Probe  
  55  5:33  Zealot  
  57  5:36  Probe  
  58  5:42  Pylon  
  58  5:48  Probe  
  59  5:53  Forge  
  59  6:00  Zealot  
  59  6:03  Probe (Chrono Boost)  
  63  6:11  Probe (Chrono Boost)  
  63  6:17  Probe  
  64  6:19  Cybernetics Core  
  64  6:23  Zealot  
  66  6:27  Zealot  
  66  6:30  Probe  
  69  7:02  Pylon  
  69  7:04  Pylon  
  69  7:08  Pylon, Nexus  
  69  7:15  Zealot  
  69  7:18  Zealot